 Dungeon Crawl Stone Soup version 0.28-a0-382-g33c4956463 (webtiles) character file.

Game seed: 4591958094838836331

5028 AarnesTheHuman the Frost Mage (level 10, -10/81 (82) HPs)
             Began as a Barachi Ice Elementalist on Sept 2, 2021.
             Was a Believer of Cheibriados.
             Killed by divine providence
             ... invoked by an orc priest
              (15 damage)
             ... on level 9 of the Dungeon.
             The game lasted 00:38:56 (12847 turns).

AarnesTheHuman the Frost Mage (BaIE)               Turns: 12847, Time: 00:38:57

HP:   -10/81 (82)   AC:  9    Str: 15    XL:     10   Next: 55%
MP:   21/21         EV: 12    Int: 24    God:    Cheibriados [**....]
Gold: 653           SH:  0    Dex: 17    Spells: 9/24 levels left

rFire   . . .      SeeInvis .   a - +3 short sword (drain)
rCold   . . .      Faith    .   (no shield)
rNeg    . . .      Spirit   .   J - +0 steam dragon scales
rPois   .          Reflect  .   (no helmet)
rElec   .          Harm     .   y - +0 cloak
rCorr   .          Rampage  .   z - +0 pair of gloves
Will    .....                   H - +1 pair of boots
Stlth   ++........              (no amulet)
HPRegen 0.23/turn               (no ring)
MPRegen 0.17/turn               (no ring)

@: marked, unable to hop, studying Bows, lightly drained, very slow
A: amphibious, slowness 1, strong legs 1, +LOS
a: Hop, Renounce Religion, Bend Time


You were on level 9 of the Dungeon.
You worshipped Cheibriados.
Cheibriados was pleased with you.
You visited 2 branches of the dungeon, and saw 10 of its levels.
You also visited: Ossuary.

You collected 653 gold pieces.

Inventory:

Hand Weapons
 a - a +3 short sword of draining (weapon)
 b - a +0 hunting sling
 c - a +0 dagger
 p - a +1 dagger of venom
 C - a +3 halberd of freezing
 D - a +3 vorpal broad axe
 L - a +1 spear
 P - a +1 vampiric spear
Missiles
 d - 191 stones
 h - 3 throwing nets
 q - 47 sling bullets
 G - 12 poisoned darts
Armour
 y - a +0 cloak (worn)
 z - a +0 pair of gloves (worn)
 H - a +1 pair of boots (worn)
 I - a +0 kite shield
 J - +0 steam dragon scales (worn)
 O - a +0 ring mail
Magical Staves
 o - a staff of fire
Wands
 j - a wand of flame (11)
 v - a wand of digging (7)
Scrolls
 x - 3 scrolls of teleportation
 B - a scroll of enchant weapon
 E - a scroll of amnesia
Potions
 f - 2 potions of mutation
 i - 3 potions of flight {unknown}
 k - 2 potions of cancellation {unknown}
 l - 2 potions of haste {unknown}
 n - 2 potions of might
 r - 2 potions of attraction
 s - a potion of degeneration {unknown}
 t - 4 potions of heal wounds {unknown}
 u - 6 potions of curing
 w - 3 potions of brilliance
 A - 2 potions of invisibility {unknown}
 F - a potion of magic {unknown}
 K - a potion of lignification {unknown}
 M - a potion of ambrosia {unknown}


   Skills:
 + Level 8.4 Fighting
 + Level 0.5 Armour
 - Level 2.1 Dodging
 - Level 1.7 Stealth
 + Level 7.5 Spellcasting
 + Level 5.3 Conjurations
 + Level 0.2 Fire Magic
 - Level 10.0 Ice Magic
 * Level 6.4 Invocations


You had 9 spell levels left.
You knew the following spells:

 Your Spells              Type           Power      Damage    Failure   Level
a - Freeze                Ice            100%       1d11      1%          1
b - Frozen Ramparts       Ice            100%       1d12      1%          3
c - Ozocubu's Armour      Ice            55%        N/A       1%          3
d - Hailstorm             Conj/Ice       45%        3d10      3%          4
e - Sticky Flame          Conj/Fire      22%        2d4       22%         4

Your spell library contained the following spells:

 Spells                   Type           Power      Damage    Failure   Level
 Conjure Flame            Conj/Fire      22%        6-21      6%          3
 Ignite Poison            Fire/Tmut/Pois 9%         N/A       21%         3


Dungeon Overview and Level Annotations

Branches:
Dungeon (9/15)             Temple (1/1) D:6         Ossuary (visited)
   Lair: D:8-11         Orc: D:9-12

Altars:
Ashenzari
Cheibriados
Elyvilon
Kikubaaqudgha
Makhleb
Nemelex Xobeh
Okawaru
Qazlal
Ru
Sif Muna
Trog
Uskayaw
Vehumet
Wu Jian
Xom
Zin
The Shining One

Annotations:
D:5 Grinder
D:7 exclusion: 2 wights
D:8 exclusions: ice devil, ice statue and 7 more exclusions
D:9 exclusion: centaur


Innate Abilities, Weirdness & Mutations

You are amphibious.
You cover ground slowly.
You can hop short distances.
You have an extended range of vision and can be seen from far away.


Message History

The walls around you are covered in ice.
The wall freezes the wyvern!
The wyvern misses you.
You hit the wyvern but do no damage. You drain the wyvern.
The wyvern is moderately wounded.
The wall freezes the wyvern.
The wyvern barely misses you.
The wall freezes the wyvern.
The wyvern barely misses you.
You hit the wyvern but do no damage. You drain the wyvern.
You kill the wyvern!
Cheibriados thoroughly appreciates the change of pace.
The frozen ramparts melt away as you move.
An orc priest comes into view. It is wielding a +0 dagger.
A centaur comes into view.
The centaur wields a +0 shortbow.
The centaur shoots an arrow.
The arrow barely misses you.
The centaur shoots an arrow.
The arrow hits you!
The centaur shoots an arrow.
The arrow closely misses you.
A yak comes into view.
There is an open door here.
Hop to where?
Press: ? - help, Dir - move target Boing!
A yak comes into view.
The centaur wields a +4 shortbow.
The centaur shoots an arrow.
The arrow hits you.
A yak comes into view.
The centaur shoots an arrow.
The arrow closely misses you.
The centaur shoots an arrow.
The arrow closely misses you. The yak gores you!
The orc priest calls down the wrath of Beogh upon you.
Pain shoots through your body! The yak barely misses you.
The centaur shoots an arrow.
The arrow hits you.
A yak comes into view.
The centaur shoots an arrow.
The arrow hits you! The yak gores you.
A yak comes into view.
The centaur shoots an arrow.
The arrow hits you!
* * * LOW HITPOINT WARNING * * *
The centaur shoots an arrow.
The arrow hits you!
* * * LOW HITPOINT WARNING * * *
The orc priest invokes the aid of Beogh against you.
Beogh smites you!
You die...

#.# #Y## #Y.# ##.#
#### ####Y####
c..########...Y...#
..†o..o..##....c..#
...#####.##..c.Y..#
...# #..'..o.Y@.#
...# ####.......#
...# #.......# #+##
##+######


You could see 6 yaks, 2 centaurs and an orc priest.

Vanquished Creatures
  Harold (D:8)
  A two-headed ogre (D:6)
  Sigmund (D:4)
  A wyvern (D:9)
  Grum (D:8)
  2 steam dragons (D:8)
  Edmund (D:4)
  2 water moccasins
  An orc warrior (D:8)
  An ice beast (D:5)
  A black bear (D:6)
  3 centaurs
  2 ogres (D:6)
  2 wolves (D:8)
  A phantom (D:5)
  A kobold brigand (D:7)
  A gnoll sergeant (D:8)
  2 bullfrogs
  A wyvern zombie (D:7)
  2 scorpions
  A water moccasin zombie (D:6)
  4 wights (D:8)
  A howler monkey (D:8)
  2 bullfrog zombies
  2 centaur zombies
  4 jellies
  2 orc priests (D:8)
  2 bullfrog skeletons
  3 centaur skeletons
  Jessica (D:3)
  4 orc wizards
  3 iguanas
  A killer bee zombie (D:8)
  8 mummies (Ossuary)
  2 howler monkey zombies
  A howler monkey skeleton (D:4)
  4 adders
  10 gnolls
  A shadow imp (D:7)
  A white imp (D:5)
  A worm (D:3)
  3 dart slugs
  19 orcs
  8 ball pythons
  7 endoplasms
  5 giant cockroaches
  5 goblins
  4 hobgoblins
  9 jackals
  4 quokkas
  2 bats
  5 frilled lizards
  3 hobgoblin zombies (Ossuary)
  10 kobolds
  3 kobold zombies (Ossuary)
  2 orc zombies (Ossuary)
  2 rats
  A rat zombie (D:8)
178 creatures vanquished.

Notes
Turn   | Place    | Note
-------+----------+-------------------------------------------
     0 | D:1      | AarnesTheHuman the Barachi Ice Elementalist began the quest
                  | for the Orb.
     0 | D:1      | Reached XP level 1. HP: 13/13 MP: 3/3
   221 | D:1      | Reached skill level 5 in Ice Magic
   409 | D:1      | Reached XP level 2. HP: 20/20 MP: 3/5
   504 | D:1      | Reached skill level 1 in Fighting
   927 | D:1      | Reached XP level 3. HP: 26/26 MP: 2/6
   980 | D:1      | Found a faded altar of an unknown god.
  1121 | D:2      | Found a stormy altar of Qazlal.
  1314 | D:2      | Reached XP level 4. HP: 33/33 MP: 6/8
  1382 | D:2      | Reached skill level 6 in Ice Magic
  2138 | D:3      | Found a radiant altar of Vehumet.
  2342 | D:3      | Reached XP level 5. HP: 26/39 MP: 4/9
  2455 | D:3      | Noticed Jessica
  2858 | D:3      | Killed Jessica
  3127 | D:3      | Learned a level 3 spell: Frozen Ramparts
  3131 | D:3      | Learned a level 3 spell: Ozocubu's Armour
  3153 | D:4      | Noticed Edmund
  3153 | D:4      | Noticed a water moccasin
  3289 | D:4      | Killed Edmund
  3290 | D:4      | Reached skill level 7 in Ice Magic
  3290 | D:4      | Reached XP level 6. HP: 9/47 MP: 1/11
  3564 | D:4      | Noticed Sigmund
  3579 | D:4      | Killed Sigmund
  3580 | D:4      | Reached XP level 7. HP: 10/53 MP: 0/13
  3889 | D:4      | Reached skill level 8 in Ice Magic
  4241 | D:4      | You fall into a shaft and drop 3 floors!
  4554 | D:7      | Reached skill level 5 in Fighting
  4554 | D:7      | Reached skill level 9 in Ice Magic
  4554 | D:7      | Reached XP level 8. HP: 19/62 MP: 9/15
  4583 | D:6      | Reached skill level 5 in Spellcasting
  5127 | D:6      | Found a staircase to the Ecumenical Temple.
  5132 | D:6      | Reached skill level 10 in Ice Magic
  5136 | Temple   | Entered the Ecumenical Temple
  5293 | Temple   | Became a worshipper of Cheibriados the Contemplative
  5299 | Temple   | Learned a level 4 spell: Hailstorm
  5514 | D:6      | Noticed a two-headed ogre
  5531 | D:6      | Killed a two-headed ogre
  5532 | D:6      | Reached XP level 9. HP: 29/71 MP: 11/18
  5776 | D:5      | Entered Level 5 of the Dungeon
  5994 | D:4      | Found a sacrificial altar of Ru.
  6156 | D:4      | Reached * piety under Cheibriados
  6188 | D:4      | You fall into a shaft and drop 3 floors!
  7352 | D:5      | Noticed Grinder
  9544 | D:8      | Found a sand-covered staircase.
  9558 | Ossuary  | Entered an ossuary
 10200 | D:8      | Found a broken altar of Ashenzari.
 10207 | D:8      | Noticed Harold
 10224 | D:8      | Killed Harold
 10225 | D:8      | Reached skill level 5 in Invocations
 10225 | D:8      | Reached XP level 10. HP: 26/80 MP: 14/20
 10522 | D:8      | Found a hide-covered altar of Uskayaw.
 10541 | D:8      | Noticed Grum
 10550 | D:8      | Killed Grum
 10913 | D:8      | Reached ** piety under Cheibriados
 11257 | D:8      | Noticed an ice statue
 11294 | D:8      | Reached skill level 5 in Conjurations
 12712 | D:9      | Learned a level 4 spell: Sticky Flame
 12847 | D:9      | Killed from afar by an orc priest

Illustrated notes

Levels and vault maps discovered:
D:1:      ebering_trefoil_twist, layout_loops_ring,
          chequers_ecumenical_altar_lobes
D:2:      layout_rooms, basic_altar, kennysheep_small_spiral
D:3:      layout_basic, mainiacjoe_overflow_surrounded_room, uniq_jessica
D:4:      layout_loops_cross, mainiacjoe_overflow_brackets, uniq_edmund,
          uniq_sigmund
D:5:      layout_basic, minmay_misc_feat_square, uniq_grinder
D:6:      layout_gridville, temple_doors_cd, serial_rivers,
          chequers_serial_rivers_marsh, chequers_serial_rivers_marsh,
          chequers_serial_rivers_micro_c, chequers_serial_rivers_micro_d,
          minmay_manual_mares
D:7:      layout_loops_corners
D:8:      cheibrodos_frozen_isle, layout_basic,
          mainiacjoe_overflow_cross_hatched, mainiacjoe_overflow_chevrons,
          enter_ossuary_3, minmay_bent, uniq_harold, uniq_grum
D:9:      layout_roguey, lair_entry_dummy, serial_shops, shop,
          gammafunk_ghost_necromancy, minmay_guarded_unrand_finisher
Temple:   bh_familiar_temple

Skill      XL: |  1  2  3  4  5  6  7  8  9 10 |
---------------+-------------------------------+-----
Ice Magic      | 5 6 7 9 10 | 10.0
Fighting       | 1 2 3 5 6 7 8 |  8.4
Spellcasting   | 3 4 6 7 |  7.5
Conjurations   | 2 4 5 |  5.3
Invocations    | 3 5 6 |  6.4
Armour         | |  0.5
Dodging        | |  2.1
Stealth        | |  1.7
Fire Magic     | |  0.2

Action                   |  1- 3 |  4- 6 |  7- 9 | 10-12 || total
-------------------------+-------+-------+-------+-------++-------
Melee: Unarmed           |     2 |       |       |       ||     2
       Dagger            |    20 |       |       |       ||    20
       Short sword       |     1 |    60 |   293 |    60 ||   414
 Fire: Hunting sling     |     5 |     8 |    31 |    20 ||    64
 Cast: Freeze            |    41 |    28 |    44 |    13 ||   126
       Frozen Ramparts   |       |     3 |    15 |    10 ||    28
       Ozocubu's Armour  |       |     3 |    10 |     2 ||    15
Invok: Bend Time         |       |       |     2 |       ||     2
 Abil: Hop               |       |     1 |     1 |     2 ||     4
Evoke: Wand              |       |       |     7 |       ||     7
  Use: Scroll            |       |     5 |     5 |     6 ||    16
 Stab: Sleeping          |       |     2 |       |       ||     2
Armor: Leather armour    |     7 |    18 |   109 |    28 ||   162
       Robe              |     1 |       |       |       ||     1
Dodge: Dodged            |    37 |    72 |   210 |    77 ||   396

Table legend: (Time is in decaauts)
 A = Elapsed time spent in this place.
 B = Non-inter-level travel time spent in this place.
 C = Inter-level travel time spent in this place.
 D = Time resting spent in this place.
 E = Time spent auto-exploring this place.
 F = Levels seen in this place.
 G = Mean time per level.
                   A        B        C        D        E       F      G
               +--------+--------+--------+--------+--------+-----+--------+
         Total |  15642 |  14602 |   1040 |   4664 |   6417 |  11 | 1422.0 |
       Dungeon |  14604 |  13626 |    978 |   4134 |   6189 |   9 | 1622.7 |
        Temple |    362 |    300 |     62 |    148 |    141 |   1 |  362.0 |
       Ossuary |    675 |    675 |      0 |    382 |     87 |   1 |  675.0 |
               +--------+--------+--------+--------+--------+-----+--------+

Top non-repeatable levels by time:
     D:8: 3216 daAuts
     D:7: 2275 daAuts
     D:6: 2145 daAuts
     D:4: 2036 daAuts
     D:3: 1307 daAuts
     D:1: 1272 daAuts
     D:5: 1254 daAuts
     D:2: 976 daAuts
 Ossuary: 675 daAuts
  Temple: 362 daAuts
     D:9: 120 daAuts
